 Dungeon Crawl Stone Soup version 0.24-a0-441-g27f0392e16 (webtiles) character file.

Game seed: 2217466038660551376

210 gruber the Stinger (level 5, 0/28 HPs)
             Began as a Gargoyle Venom Mage on June 19, 2019.
             Slain by an orc
             ... wielding a +0 flail
              (8 damage)
             ... on level 3 of the Dungeon.
             The game lasted 00:07:43 (2900 turns).

gruber the Stinger (Gargoyle Venom Mage)            Turns: 2900, Time: 00:07:44

Health: 0/28       AC:  6    Str: 12    XL:     5   Next: 87%
Magic:  4/8        EV: 12    Int: 16    God:
Gold:   109        SH:  0    Dex: 10    Spells: 4/8 levels left

rFire    + . .     SeeInvis .   q - +0 morningstar (protect)
rCold    . . .     Gourm    .   (no shield)
rNeg     + . .     Faith    .   a - +0 robe
rPois    ∞         Spirit   .   (no helmet)
rElec    +         Reflect  .   (no cloak)
rCorr    .         Harm     .   (no gloves)
MR       .....                  (no boots)
Stlth    ++........             (no amulet)
HPRegen  0.09/turn              n - ring of wizardry
MPRegen  0.11/turn              k - ring of protection from fire

@: no status effects
A: negative energy resistance 1, electricity resistance, unbreathing,
petrification resistance, rot immunity, AC +4
a: no special abilities


You were on level 3 of the Dungeon.
You were not hungry.

You visited 1 branch of the dungeon, and saw 3 of its levels.

You collected 109 gold pieces.

Inventory:

Hand Weapons
 q - a +0 morningstar of protection (weapon)
Armour
 a - a +0 robe (worn)
Jewellery
 d - an uncursed ring of see invisible
 i - an uncursed ring of protection from cold {unknown}
 k - a ring of protection from fire (right hand)
 n - a ring of wizardry (left hand)
Scrolls
 g - 2 scrolls of teleportation
 j - 2 scrolls of remove curse
 l - 2 scrolls of blinking {unknown}
 m - 2 scrolls of fear {unknown}
 p - a scroll of random uselessness {unknown}
Potions
 b - 3 potions of agility
 e - a potion of haste
 f - 2 potions of heal wounds {unknown}
 h - 3 potions of flight {unknown}
 o - 2 potions of magic
Comestibles
 c - 5 rations


   Skills:
 * Level 0.6 Maces & Flails
 - Level 1.5 Dodging
 - Level 2.1 Stealth
 - Level 2.0 Spellcasting
 - Level 1.1 Conjurations
 - Level 6.2 Poison Magic


You had 4 spell levels left.
You knew the following spells:

 Your Spells              Type           Power        Failure   Level  Hunger
a - Sting                 Conj/Pois      ##..         1%          1    #......
b - Mephitic Cloud        Conj/Pois/Air  #.......     9%          3    ###....

Your spell library contained the following spells:

 Spells                   Type           Power        Failure   Level  Hunger
 Poisonous Vapours        Pois/Air       ##....       3%          2    ###....
 Olgreb's Toxic Radiance  Pois           ###.....     6%          4    #####..
 Venom Bolt               Conj/Pois      ##........   43%         5    ######.


Dungeon Overview and Level Annotations

Branches:
Dungeon (3/15)

Altars:
Kikubaaqudgha
Qazlal
Xom


Innate Abilities, Weirdness & Mutations

You are resistant to torment.
Your stone body is resilient. (AC +4)
You are immune to poison.
You resist negative energy. (rN+)
You are resistant to electric shocks. (rElec)
You can survive without breathing.
You are immune to petrification.
You are immune to rotting.


Message History

The orc completely misses you.
Unknown command.
Unknown command.
Casting: Sting (safe; 1% risk of failure)
Confirm with . or Enter, or press ? or * to list all spells.
Aiming: Sting (safe; 1% risk of failure)
Press: ? - help, Shift-Dir - straight line, f/p - orc
Aim: an orc, wielding a +0 flail and wearing a +0 ring mail (severely wounded)
The sting hits the orc but does no damage.
The orc is poisoned.
The orc is severely wounded.
Casting: Sting (safe; 1% risk of failure)
Confirm with . or Enter, or press ? or * to list all spells.
Aiming: Sting (safe; 1% risk of failure)
Press: ? - help, Shift-Dir - straight line, f/p - orc
Aim: an orc, wielding a +0 flail and wearing a +0 ring mail (severely wounded, poisoned)
The sting hits the orc but does no damage.
The orc is severely wounded.
The orc hits you with a +0 flail!
You die...

####.####.####.####
#. #.# #.# #.# #..
#.# # #.# ... ..#
###.# #.## #.#
#...# #...###.####
#.### ###........
#.# #.......## #.#
#...)@...######.#
..?..##o##........#
.## #.#.#..#######
#. .#..# #. .#..#
## ##..# ...# ....#
#####


You could see an orc.

Vanquished Creatures
  An orc priest (D:3)
  An orc wizard (D:3)
  4 adders
  2 worms (D:3)
  A dart slug (D:2)
  A leopard gecko (D:1)
  15 orcs (D:3)
  7 bats
  5 bat skeletons (D:2)
  A bat zombie (D:2)
  4 giant cockroaches
  11 goblins
  13 hobgoblins
  6 jackals (D:1)
  3 kobolds
  3 quokkas
  4 frilled lizards
  3 rats
85 creatures vanquished.

Notes
Turn   | Place    | Note
-------+----------+-------------------------------------------
     0 | D:1      | gruber the Gargoyle Venom Mage began the quest for the Orb.
     0 | D:1      | Reached XP level 1. HP: 10/10 MP: 3/3
   373 | D:1      | Reached XP level 2. HP: 15/15 MP: 1/5
   903 | D:1      | Reached skill level 4 in Poison Magic
   919 | D:1      | Reached XP level 3. HP: 9/19 MP: 0/6
  1157 | D:2      | Learned a level 3 spell: Mephitic Cloud
  1533 | D:2      | Reached XP level 4. HP: 12/24 MP: 0/7
  1645 | D:2      | Found a shimmering altar of Xom.
  1955 | D:2      | Reached skill level 5 in Poison Magic
  2224 | D:2      | Found an ancient bone altar of Kikubaaqudgha.
  2289 | D:3      | Found a stormy altar of Qazlal.
  2453 | D:3      | Reached XP level 5. HP: 19/28 MP: 0/8
  2677 | D:3      | Reached skill level 6 in Poison Magic
  2900 | D:3      | Slain by an orc

Levels and vault maps discovered:
D:1:      minmay_arrival_nine_rooms, layout_basic
D:2:      cheibrodos_greedy_goblins, layout_rooms, kennysheep_vampire_church,
          xom_teletrap_fun, lemuel_old_faithful
D:3:      minmay_wonky_spiral, layout_loops_ring, overflow_temple_1_default,
          minmay_distorted

Skill      XL: |  1  2  3  4  5 |
---------------+----------------+-----
Poison Magic   | 4 5 6 |  6.2
Maces & Flails | |  0.6
Dodging        | |  1.5
Stealth        | |  2.1
Spellcasting   | |  2.0
Conjurations   | |  1.1

Action                   |  1- 3 |  4- 6 || total
-------------------------+-------+-------++-------
Melee: Unarmed           |    16 |       ||    16
       Whip              |    68 |    80 ||   148
       Morningstar       |       |    39 ||    39
 Cast: Sting             |    44 |    86 ||   130
       Mephitic Cloud    |     2 |       ||     2
  Use: Scroll            |       |     5 ||     5
 Stab: Confused          |     2 |       ||     2
       Sleeping          |       |     1 ||     1
  Eat: Chunk             |     3 |     6 ||     9
Armor: Robe              |    33 |    80 ||   113
Dodge: Dodged            |    90 |   134 ||   224

Table legend:
 A = Non-vault XP
 B = Vault XP
 C = Vault XP percentage of total XP
 D = Non-vault monster count
 E = Vault monster count
 F = Vault count percentage of total count
                 A         B        C        D         E       F
            +---------+---------+-------+---------+---------+-------
      Total |     267 |      33 |  11.0 |      66 |      19 |  22.4
            +---------+---------+-------+---------+---------+-------
        D:1 |      37 |       0 |   0.0 |      20 |       0 |   0.0
        D:2 |      56 |      32 |  36.4 |      18 |      18 |  50.0
        D:3 |     174 |       1 |   0.6 |      28 |       1 |   3.4
            +---------+---------+-------+---------+---------+-------
